 Dungeon Crawl Stone Soup version 0.21-a0-508-gf08a75f (webtiles) character file.

12199 tidbits the Thaumaturge (level 11, -6/83 HPs)
             Began as a Gnoll Earth Elementalist on Nov 28, 2017.
             Was a Follower of Ashenzari.
             Hit by a large rock thrown by a stone giant (25 damage)
             ... on level 2 of the Orcish Mines.
             The game lasted 01:00:13 (5390 turns).

tidbits the Thaumaturge (Gnoll Earth Elementalist)  Turns: 5390, Time: 01:00:14

Health: -6/83      AC:  7    Str: 12    XL:     11   Next: 89%
Magic:  0/23       EV: 17    Int: 25    God:    Ashenzari [*.....]
Gold:   447        SH:  0    Dex: 15    Spells: 3/26 levels left

rFire    . . .     SeeInvis +   a - +7 rapier of Entrepreneurial Spirit {speed, Int+3}
rCold    + . .     Gourm    .   (no shield)
rNeg     . . .     Faith    .   Q - +0 troll leather armour
rPois    .         Spirit   +   (no helmet)
rElec    .         Reflect  .   C - +0 cloak
rCorr    .         Harm     .   (no gloves)
MR       .....                  (no boots)
Stlth    ++++......             J - amulet of guardian spirit (curse)
HPRegen  0.63/turn              U - ring of see invisible (curse)
MPRegen  0.18/turn              W - +2 ring of intelligence (curse)

@: studying Staves
A: distributed training, fangs 1, cold resistance 1, shaggy fur 1, wild magic 1,
strong nose
a: Curse Item, Scrying, Renounce Religion


You were on level 2 of the Orcish Mines.
You worshipped Ashenzari.
Ashenzari was aware of your devotion.
You were not hungry.

You visited 3 branches of the dungeon, and saw 14 of its levels.

You collected 447 gold pieces.

Inventory:

Hand Weapons
 a - the +7 rapier of Entrepreneurial Spirit (weapon) {speed, Int+3}
   (You found it on level 9 of the Dungeon)

   Attacks with this weapon are significantly faster.
   It affects your intelligence (+3).
 c - a +2 short sword of electrocution
   (You took it off Terence on level 2 of the Dungeon)
 d - a +0 dagger of venom
   (You took it off an orc wizard on level 7 of the Dungeon)
 j - a +0 broad axe of flaming
   (You took it off a crimson imp on level 9 of the Dungeon)
 E - a +0 blowgun
 I - a +2 halberd of flaming
   (You found it on level 3 of the Dungeon)
 M - a +2 hunting sling of freezing
   (You found it on level 7 of the Dungeon)
 V - a +4 scimitar of flaming
   (You took it off an efreet on level 9 of the Dungeon)
 Y - a +2 falchion of electrocution
   (You took it off Eustachio on level 6 of the Dungeon)
Missiles
 m - 131 arrows
 r - 30 stones (quivered)
 D - 8 curare-tipped needles
Armour
 B - the +4 skin of Zhor {rC+++}
   (You found it on level 4 of the Dungeon)

   It renders you almost immune to cold.
 C - a +0 cloak (worn)
 G - the +8 chain mail of the Lair of Beasts {Dex+2 Slay+3}
   (You found it on level 9 of the Dungeon)

   It affects your dexterity (+2).
   It affects your accuracy and damage with ranged weapons and melee attacks
   (+3).
 Q - a +0 troll leather armour (worn)
Jewellery
 p - the ring "Lomun" {rF+ rN+ Dex+3 Slay+4 Stlth-}
   (You took it off a centaur on level 9 of the Dungeon)

   [ring of dexterity]

   It affects your dexterity (+3).
   It affects your accuracy and damage with ranged weapons and melee attacks
   (+4).
   It protects you from fire.
   It protects you from negative energy.
   It makes you less stealthy.
 J - a cursed amulet of guardian spirit (around neck)
   (You found it on level 4 of the Dungeon)
 U - a cursed ring of see invisible (left hand)
   (You found it on level 9 of the Dungeon)
 W - a cursed +2 ring of intelligence (right hand)
   (You found it on level 9 of the Dungeon)
 Z - the ring of the Ban {rF+ Str+2 Dex+3}
   (You took it off an efreet on level 9 of the Dungeon)

   [ring of strength]

   It affects your strength (+2).
   It affects your dexterity (+3).
   It protects you from fire.
Wands
 w - a wand of random effects (40)
 T - a wand of flame (7)
Scrolls
 h - 2 scrolls of teleportation
 n - 5 scrolls of enchant weapon
 o - a scroll of immolation {unknown}
 t - a scroll of fear {unknown}
 H - a scroll of magic mapping {unknown}
 O - a scroll of amnesia
 R - 2 scrolls of noise {unknown}
Potions
 f - 3 potions of lignification
 l - a potion of resistance
 q - a potion of ambrosia
 s - a potion of cancellation
 x - a potion of invisibility {unknown}
 A - a potion of magic
 L - a potion of agility {unknown}
 P - a potion of berserk rage {unknown}
Books
 e - a book of Geomancy

   Spells                             Type                      Level
   a - Sandblast                      Earth                        1
   b - Passwall                       Transmutation/Earth          2
   c - Stone Arrow                    Conjuration/Earth            3
   d - Petrify                        Transmutation/Earth          4
   e - Lee's Rapid Deconstruction     Earth                        5
 v - a manual of Staves
   (You found it on level 9 of the Dungeon)
 y - a book of Necromancy
   (You found it on level 11 of the Dungeon)

   Spells                             Type                      Level
   a - Pain                           Necromancy                   1
   b - Animate Skeleton               Necromancy                   1
   c - Vampiric Draining              Necromancy                   3
   d - Regeneration                   Charms/Necromancy            3
   e - Animate Dead                   Necromancy                   4
   f - Control Undead                 Necromancy                   4
Miscellaneous
 F - a sack of spiders
 K - a fan of gales
 S - a lightning rod (3/4)
Comestibles
 b - 5 bread rations
 g - 6 meat rations
 k - 10 royal jellies
 N - 4 chunks of flesh


   Skills:
 + Level 6.6 Fighting
 + Level 6.6 Short Blades
 + Level 6.6 Long Blades
 + Level 6.6 Axes
 + Level 6.6 Maces & Flails
 + Level 6.6 Polearms
 + Level 7.1 Staves
 + Level 6.6 Slings
 + Level 6.6 Bows
 + Level 6.6 Crossbows
 + Level 6.6 Throwing
 + Level 6.6 Armour
 + Level 8.1 Dodging
 + Level 7.9 Stealth
 + Level 6.6 Shields
 + Level 6.6 Unarmed Combat
 + Level 8.4 Spellcasting
 + Level 5.4 Conjurations
 + Level 5.4 Hexes
 + Level 5.4 Charms
 + Level 5.4 Summonings
 + Level 5.4 Necromancy
 + Level 5.4 Translocations
 + Level 5.9 Transmutations
 + Level 5.4 Fire Magic
 + Level 5.4 Ice Magic
 + Level 5.4 Air Magic
 + Level 7.8 Earth Magic
 + Level 5.4 Poison Magic
 + Level 7.2 Invocations
 + Level 6.6 Evocations


You had 3 spell levels left.
You knew the following spells:

 Your Spells              Type           Power        Failure   Level  Hunger
a - Sandblast             Erth           ######       1%          1    None
g - Stone Arrow           Conj/Erth      ######       2%          3    None
l - Lee's Rapid Deconstr  Erth           ######....   12%         5    ####...
n - Animate Skeleton      Necr           N/A          1%          1    None
p - Petrify               Tmut/Erth      ######..     7%          4    ##.....
r - Regeneration          Chrm/Necr      #####.....   4%          3    None
w - Passwall              Tmut/Erth      ######....   1%          2    None
N - Animate Dead          Necr           N/A          12%         4    ##.....


Dungeon Overview and Level Annotations

Branches:
Dungeon (11/15)            Temple (1/1) D:5            Lair (0/6) D:8
    Orc (2/2) D:11
    Elf: Orc:2

Altars:
Ashenzari
Dithmenos
Elyvilon
Fedhas
Gozag
Hepliaklqana
Kikubaaqudgha
Makhleb
Nemelex Xobeh
Okawaru
Qazlal
Ru
Sif Muna
Trog
Uskayaw
Vehumet
Wu Jian
Xom
Yredelemnul
Zin
The Shining One

Shops:
D:7 =

Portals:
Trove: D:10 (show abyssal rune of Zot)

Annotations:
D:4 soepske's ghost, novice GnAK
D:8 torrenera's ghost, novice DEAE
D:9 exclusion: downstairs


Innate Abilities, Weirdness & Mutations

Your experience applies equally to all skills.
You have very sharp teeth.
Your uncanny sense of smell can sniff out nearby items.
Your flesh is cold resistant. (rC+)
You are covered in fur. (AC +1)
Your spells are a little harder to cast, but a little more powerful.


Message History

i - a +0 hunting sling of velocity (weapon)
Drop what? 51/52 slots (_ for help) (? for menu, Esc to quit)
You drop a book of Clouds.
You drop a book of Necromancy.
You drop an uncursed quarterstaff of chaos.
You are now empty-handed.
You drop a +0 hunting sling of velocity.
Okay, then.
y - a book of Necromancy You climb downwards.
Welcome to the Orcish Mines!
Your mindless thralls stay behind.
Found 23 gold pieces.
Found a stone staircase leading down.
There is a staircase back to the Dungeon here.
You now have 447 gold pieces (gained 23).
There are no items here.
There is a staircase back to the Dungeon here.
There is a stone staircase leading down here.
You climb downwards.
An ogre comes into view. It is wielding a giant club.
The ogre shouts!
You hear a shout!
There is a stone staircase leading up here.
Wield which item (- for none, * to show all)? (? for menu, Esc to quit)
Your hands tingle!
a - the +7 rapier of Entrepreneurial Spirit (weapon)
{speed, Int+3}
Casting: Animate Skeleton
Confirm with . or Enter, or press ? or * to list all spells.
Aiming: Stone Arrow
Press: ? - help, Shift-Dir - straight line, f - ogre
Aim: an ogre, wielding a giant club The stone arrow hits the ogre.
The ogre is almost dead.
Casting: Stone Arrow
Confirm with . or Enter, or press ? or * to list all spells.
Aiming: Sandblast
Press: ? - help, Shift-Dir - straight line, f/p - ogre
Aim: an ogre, wielding a giant club (almost dead)
The blast of sand hits the ogre.
You kill the ogre!
Your lightning rod (3/4) has regained one charge.
r - 32 stones A stone giant comes into view.
Unknown command.
Unknown command.
Found 21 gold pieces.
The stone giant throws a large rock.
The large rock hits you but does no damage.
Found 11 gold pieces.
You see here a large rock.
The stone giant hits you!
A warg comes into view.
The warg howls!
You hit the stone giant but do no damage.
The stone giant barely misses you.
Casting: Sandblast
Confirm with . or Enter, or press ? or * to list all spells.
Aiming: Stone Arrow
Press: ? - help, Shift-Dir - straight line, f - stone giant
Aim: a stone giant The stone arrow hits the stone giant.
The stone giant is lightly wounded.
The stone giant hits you!
Casting: Stone Arrow
Confirm with . or Enter, or press ? or * to list all spells.
Aiming: Sandblast
Press: ? - help, Shift-Dir - straight line, f/p - stone giant
Aim: a stone giant (lightly wounded)
The blast of sand hits the stone giant.
The stone giant is lightly wounded.
r - 31 stones The stone giant hits you.
Casting: Sandblast
Confirm with . or Enter, or press ? or * to list all spells.
Aiming: Sandblast
Press: ? - help, Shift-Dir - straight line, f/p - stone giant
Aim: a stone giant (lightly wounded)
The blast of sand hits the stone giant.
The stone giant is lightly wounded.
r - 30 stones The stone giant closely misses you.
The stone giant throws a large rock.
The large rock hits you!!!
Ouch! That really hurt!
* * * LOW HITPOINT WARNING * * *
You see here a large rock.
Okay, then.
Unknown command.
Okay, then.
Unknown command.
Okay, then.
Okay, then.
Unknown command.
Drop what? 48/52 slots (_ for help) (? for menu, Esc to quit)
Okay, then.
Unknown command.
Evoke which item? (* to show all) (? for menu, Esc to quit)
Aiming: Random Effects
Press: ? - help, Shift-Dir - straight line, f/p - stone giant
Aim: a stone giant (lightly wounded)
The stone giant resists with almost no effort.
The stone giant throws a large rock.
The large rock hits you!!
You die...

. #.. .. #.....
... ...... ....
...... ### .....
......###@##......
#......##.Ch.....
#$...........#...
##....(....##
#$##.....#.# ∆
#<..)#### ###...#
#.#.# #.###


You could see a stone giant and a warg.

Vanquished Creatures
  Erica (D:9)
  2 two-headed ogres (D:9)
  An ugly thing (D:9)
  A komodo dragon (D:8)
  An efreet (D:9)
  3 trolls
  A hornet (D:9)
  2 hippogriffs (D:9)
  2 slime creatures
  A wraith (D:9)
  Eustachio (D:6)
  2 hungry ghosts
  13 yaks
  A vampire mosquito (D:9)
  A water moccasin (D:8)
  2 ice beasts
  2 phantoms
  7 sky beasts
  2 eyes of draining (D:9)
  The ghost of zkyp the Chopper, an amateur DgSk (D:3)
  2 centaurs (D:9)
  10 ogres
  4 bullfrogs
  A big kobold (D:9)
  A wyvern zombie (D:9)
  4 scorpions
  4 wights (D:9)
  3 howler monkeys
  4 crimson imps
  4 hounds
  12 jellies
  A quasit (D:8)
  A centaur skeleton (D:9)
  A gnoll shaman (D:4)
  10 orc priests
  Crazy Yiuf (D:3)
  Terence (D:2)
  5 iguanas
  7 orc wizards
  9 worker ants
  A hound zombie (D:7)
  2 hound skeletons
  A worker ant zombie (D:8)
  12 gnolls
  4 adders
  2 shadow imps
  20 oozes
  An adder skeleton (D:4)
  A worm (D:4)
  A dart slug (D:1)
  4 leopard geckos
  24 orcs
  2 bats
  2 giant cockroaches
  2 goblins
  3 hobgoblins
  11 jackals
  4 quokkas
  A ball python (D:3)
  3 frilled lizards
  2 jackal skeletons
  6 kobolds
  A quokka skeleton (D:9)
  7 rats
  A fungus (D:3)
250 creatures vanquished.

Vanquished Creatures (collateral kills)
  2 orc warriors (D:11)
  2 orcs (D:11)
4 creatures vanquished.

Vanquished Creatures (others)
  A jackal skeleton (D:4)
  5 fungi (D:7)
  2 plants (D:8)
8 creatures vanquished.

Grand Total: 262 creatures vanquished

Notes
Turn   | Place    | Note
-------+----------+-------------------------------------------
     0 | D:1      | tidbits the Gnoll Earth Elementalist began the quest for the Orb.
     0 | D:1      | Reached XP level 1. HP: 13/13 MP: 6/6
    59 | D:1      | Reached skill level 2 in Transmutations
    82 | D:2      | Noticed an iguana
    85 | D:2      | Killed an iguana
    85 | D:2      | Reached skill level 5 in Spellcasting
    85 | D:2      | Reached XP level 2. HP: 20/20 MP: 5/8
    85 | D:2      | Reached XP level 3. HP: 25/25 MP: 5/9
    94 | D:2      | Learned a level 2 spell: Passwall
    98 | D:2      | Learned a level 3 spell: Stone Arrow
   291 | D:1      | Reached skill level 1 in Invocations
   381 | D:3      | Noticed Terence
   474 | D:2      | HP: 1/25 [Terence/short sword of electrocution (9)]
   500 | D:2      | Killed Terence
   500 | D:2      | Reached skill level 1 in Fighting
   500 | D:2      | Reached skill level 1 in Short Blades
   500 | D:2      | Reached skill level 1 in Long Blades
   500 | D:2      | Reached skill level 1 in Axes
   500 | D:2      | Reached skill level 1 in Maces & Flails
   500 | D:2      | Reached skill level 1 in Polearms
   500 | D:2      | Reached skill level 1 in Staves
   500 | D:2      | Reached skill level 1 in Slings
   500 | D:2      | Reached skill level 1 in Bows
   500 | D:2      | Reached skill level 1 in Crossbows
   500 | D:2      | Reached skill level 1 in Throwing
   500 | D:2      | Reached skill level 1 in Armour
   500 | D:2      | Reached skill level 1 in Shields
   500 | D:2      | Reached skill level 1 in Unarmed Combat
   500 | D:2      | Reached skill level 1 in Evocations
   500 | D:2      | Reached XP level 4. HP: 5/32 MP: 0/11
   580 | D:3      | Found a hazy altar of Hepliaklqana.
   801 | D:3      | Found a runed door.
   805 | D:3      | Noticed Crazy Yiuf
   810 | D:3      | Killed Crazy Yiuf
   810 | D:3      | Reached skill level 1 in Conjurations
   810 | D:3      | Reached skill level 1 in Hexes
   810 | D:3      | Reached skill level 1 in Charms
   810 | D:3      | Reached skill level 1 in Summonings
   810 | D:3      | Reached skill level 1 in Necromancy
   810 | D:3      | Reached skill level 1 in Translocations
   810 | D:3      | Reached skill level 1 in Fire Magic
   810 | D:3      | Reached skill level 1 in Ice Magic
   810 | D:3      | Reached skill level 1 in Air Magic
   810 | D:3      | Reached skill level 1 in Poison Magic
   896 | D:2      | Found a sacrificial altar of Ru.
   902 | D:2      | Reached XP level 5. HP: 35/37 MP: 10/12
  1171 | D:3      | Noticed zkyp's ghost (amateur DgSk)
  1204 | D:3      | Killed zkyp's ghost
  1204 | D:3      | Reached skill level 2 in Invocations
  1204 | D:3      | Reached XP level 6. HP: 40/44 MP: 1/13
  1284 | D:4      | Reached skill level 2 in Fighting
  1284 | D:4      | Reached skill level 2 in Short Blades
  1284 | D:4      | Reached skill level 2 in Long Blades
  1284 | D:4      | Reached skill level 2 in Axes
  1284 | D:4      | Reached skill level 2 in Maces & Flails
  1284 | D:4      | Reached skill level 2 in Polearms
  1284 | D:4      | Reached skill level 2 in Staves
  1284 | D:4      | Reached skill level 2 in Slings
  1284 | D:4      | Reached skill level 2 in Bows
  1284 | D:4      | Reached skill level 2 in Crossbows
  1284 | D:4      | Reached skill level 2 in Throwing
  1284 | D:4      | Reached skill level 2 in Armour
  1284 | D:4      | Reached skill level 5 in Dodging
  1284 | D:4      | Reached skill level 2 in Shields
  1284 | D:4      | Reached skill level 2 in Unarmed Combat
  1284 | D:4      | Reached skill level 2 in Evocations
  1382 | D:4      | Reached XP level 7. HP: 18/50 MP: 0/15
  1461 | D:4      | Noticed soepske's ghost (novice GnAK)
  1477 | D:4      | HP: 3/50 [soepske's ghost (11)]
  1505 | D:5      | Entered Level 5 of the Dungeon
  1564 | D:6      | Reached skill level 2 in Conjurations
  1564 | D:6      | Reached skill level 2 in Hexes
  1564 | D:6      | Reached skill level 2 in Charms
  1564 | D:6      | Reached skill level 2 in Summonings
  1564 | D:6      | Reached skill level 2 in Necromancy
  1564 | D:6      | Reached skill level 2 in Translocations
  1564 | D:6      | Reached skill level 3 in Transmutations
  1564 | D:6      | Reached skill level 2 in Fire Magic
  1564 | D:6      | Reached skill level 2 in Ice Magic
  1564 | D:6      | Reached skill level 2 in Air Magic
  1564 | D:6      | Reached skill level 2 in Poison Magic
  1573 | D:6      | Reached skill level 5 in Stealth
  1603 | D:6      | Found an ancient bone altar of Kikubaaqudgha.
  1652 | D:5      | Gained mutation: You have a pair of small horns on your head. [potion of mutation]
  1652 | D:5      | Gained mutation: Scrolls take you a little longer to read. [potion of mutation]
  1652 | D:5      | Gained mutation: Your mind is acute. (Int +2) [potion of mutation]
  1654 | D:5      | Lost mutation: You have a pair of small horns on your head. [potion of mutation]
  1654 | D:5      | Lost mutation: Your mind is acute. (Int +2) [potion of mutation]
  1654 | D:5      | Lost mutation: Scrolls take you a little longer to read. [potion of mutation]
  1654 | D:5      | Gained mutation: You are covered in fur. (AC +1) [potion of mutation]
  1654 | D:5      | Gained mutation: Your flesh is cold resistant. (rC+) [potion of mutation]
  1762 | D:5      | Reached skill level 3 in Invocations
  1792 | D:5      | Reached skill level 6 in Earth Magic
  1792 | D:5      | Reached XP level 8. HP: 41/57 MP: 1/16
  1866 | D:4      | Found the +4 skin of Zhor {rC+++}
  2119 | D:5      | Found a staircase to the Ecumenical Temple.
  2127 | Temple   | Entered the Ecumenical Temple
  2157 | Temple   | Became a worshipper of Ashenzari the Shackled
  2240 | D:6      | Reached skill level 3 in Fighting
  2240 | D:6      | Reached skill level 3 in Short Blades
  2240 | D:6      | Reached skill level 3 in Long Blades
  2240 | D:6      | Reached skill level 3 in Axes
  2240 | D:6      | Reached skill level 3 in Maces & Flails
  2240 | D:6      | Reached skill level 3 in Polearms
  2240 | D:6      | Reached skill level 3 in Staves
  2240 | D:6      | Reached skill level 3 in Slings
  2240 | D:6      | Reached skill level 3 in Bows
  2240 | D:6      | Reached skill level 3 in Crossbows
  2240 | D:6      | Reached skill level 3 in Throwing
  2240 | D:6      | Reached skill level 3 in Armour
  2240 | D:6      | Reached skill level 3 in Shields
  2240 | D:6      | Reached skill level 3 in Unarmed Combat
  2240 | D:6      | Reached skill level 3 in Evocations
  2326 | D:6      | Noticed Eustachio
  2342 | D:6      | Killed Eustachio
  2342 | D:6      | Reached skill level 6 in Spellcasting
  2585 | D:7      | Found a bloodstained altar of Trog.
  2652 | D:7      | Reached skill level 3 in Conjurations
  2652 | D:7      | Reached skill level 3 in Hexes
  2652 | D:7      | Reached skill level 3 in Charms
  2652 | D:7      | Reached skill level 3 in Summonings
  2652 | D:7      | Reached skill level 3 in Necromancy
  2652 | D:7      | Reached skill level 3 in Translocations
  2652 | D:7      | Reached skill level 3 in Fire Magic
  2652 | D:7      | Reached skill level 3 in Ice Magic
  2652 | D:7      | Reached skill level 3 in Air Magic
  2652 | D:7      | Reached skill level 3 in Poison Magic
  2652 | D:7      | Reached skill level 4 in Invocations
  2670 | D:7      | Found Ucvan's Jewellery Shop.
  2685 | D:7      | Reached XP level 9. HP: 62/65 MP: 9/18
  2688 | D:7      | Reached skill level 6 in Dodging
  2762 | D:7      | Reached skill level 4 in Fighting
  2762 | D:7      | Reached skill level 4 in Short Blades
  2762 | D:7      | Reached skill level 4 in Long Blades
  2762 | D:7      | Reached skill level 4 in Axes
  2762 | D:7      | Reached skill level 4 in Maces & Flails
  2762 | D:7      | Reached skill level 4 in Polearms
  2762 | D:7      | Reached skill level 4 in Staves
  2762 | D:7      | Reached skill level 4 in Slings
  2762 | D:7      | Reached skill level 4 in Bows
  2762 | D:7      | Reached skill level 4 in Crossbows
  2762 | D:7      | Reached skill level 4 in Throwing
  2762 | D:7      | Reached skill level 4 in Armour
  2762 | D:7      | Reached skill level 4 in Shields
  2762 | D:7      | Reached skill level 4 in Unarmed Combat
  2762 | D:7      | Reached skill level 4 in Transmutations
  2762 | D:7      | Reached skill level 4 in Evocations
  2858 | D:7      | HP: 1/65 [slime creature (12)]
  2862 | D:7      | Reached skill level 6 in Stealth
  2984 | D:7      | Found a shadowy altar of Dithmenos.
  3020 | D:8      | Found a staircase to the Lair.
  3021 | D:8      | Noticed a komodo dragon
  3050 | D:8      | Killed a komodo dragon
  3169 | D:7      | Reached skill level 5 in Invocations
  3236 | D:8      | Found a shimmering altar of Xom.
  3249 | D:8      | Reached XP level 10. HP: 66/73 MP: 18/20
  3252 | D:8      | Gained mutation: You are weak. (Str -2) [mutagenic meat]
  3253 | D:8      | Gained mutation: Your spells are a little harder to cast, but a little more powerful. [mutagenic meat]
  3255 | D:8      | Lost mutation: You are weak. (Str -2) [mutagenic meat]
  3283 | D:8      | Reached skill level 7 in Spellcasting
  3296 | D:8      | Reached skill level 4 in Conjurations
  3296 | D:8      | Reached skill level 4 in Hexes
  3296 | D:8      | Reached skill level 4 in Charms
  3296 | D:8      | Reached skill level 4 in Summonings
  3296 | D:8      | Reached skill level 4 in Necromancy
  3296 | D:8      | Reached skill level 4 in Translocations
  3296 | D:8      | Reached skill level 4 in Fire Magic
  3296 | D:8      | Reached skill level 4 in Ice Magic
  3296 | D:8      | Reached skill level 4 in Air Magic
  3296 | D:8      | Reached skill level 4 in Poison Magic
  3300 | D:8      | Noticed torrenera's ghost (novice DEAE)
  3324 | D:9      | Noticed a two-headed ogre
  3332 | D:9      | Killed a two-headed ogre
  3332 | D:9      | Reached skill level 5 in Fighting
  3332 | D:9      | Reached skill level 5 in Short Blades
  3332 | D:9      | Reached skill level 5 in Long Blades
  3332 | D:9      | Reached skill level 5 in Axes
  3332 | D:9      | Reached skill level 5 in Maces & Flails
  3332 | D:9      | Reached skill level 5 in Polearms
  3332 | D:9      | Reached skill level 5 in Staves
  3332 | D:9      | Reached skill level 5 in Slings
  3332 | D:9      | Reached skill level 5 in Bows
  3332 | D:9      | Reached skill level 5 in Crossbows
  3332 | D:9      | Reached skill level 5 in Throwing
  3332 | D:9      | Reached skill level 5 in Armour
  3332 | D:9      | Reached skill level 5 in Shields
  3332 | D:9      | Reached skill level 5 in Unarmed Combat
  3332 | D:9      | Reached skill level 5 in Evocations
  3351 | D:9      | Reached skill level 7 in Earth Magic
  3425 | D:9      | Reached skill level 7 in Dodging
  3474 | D:9      | Noticed Erica
  3500 | D:9      | HP: 5/74 [something (9)]
  3500 | D:9      | HP: 1/74 [something (4)]
  3548 | D:10     | Entered Level 10 of the Dungeon
  3734 | D:9      | Noticed a two-headed ogre
  3740 | D:9      | Killed a two-headed ogre
  3740 | D:9      | Reached skill level 5 in Transmutations
  3745 | D:9      | Killed Erica
  3745 | D:9      | Reached skill level 7 in Stealth
  3745 | D:9      | Reached skill level 6 in Invocations
  3840 | D:9      | Reached * piety under Ashenzari
  3887 | D:8      | Noticed a two-headed ogre
  3961 | D:9      | Reached XP level 11. HP: 30/81 MP: 7/22
  4394 | D:9      | Reached skill level 6 in Fighting
  4394 | D:9      | Reached skill level 6 in Short Blades
  4394 | D:9      | Reached skill level 6 in Long Blades
  4394 | D:9      | Reached skill level 6 in Axes
  4394 | D:9      | Reached skill level 6 in Maces & Flails
  4394 | D:9      | Reached skill level 6 in Polearms
  4394 | D:9      | Reached skill level 6 in Staves
  4394 | D:9      | Reached skill level 6 in Slings
  4394 | D:9      | Reached skill level 6 in Bows
  4394 | D:9      | Reached skill level 6 in Crossbows
  4394 | D:9      | Reached skill level 6 in Throwing
  4394 | D:9      | Reached skill level 6 in Armour
  4394 | D:9      | Reached skill level 6 in Shields
  4394 | D:9      | Reached skill level 6 in Unarmed Combat
  4394 | D:9      | Reached skill level 6 in Evocations
  4401 | D:9      | Learned a level 5 spell: Lee's Rapid Deconstruction
  4406 | D:9      | Learned a level 4 spell: Petrify
  4441 | D:9      | Found a runed door.
  4450 | D:9      | Got the rapier of Entrepreneurial Spirit {speed, Int+3}
  4451 | D:9      | Identified the +7 rapier of Entrepreneurial Spirit {speed, Int+3} (You found it on level 9 of the Dungeon)
  4456 | D:9      | Noticed a red ugly thing
  4465 | D:9      | Identified the ring "Lomun" {rF+ rN+ Dex+3 Slay+4 Stlth-} (You took it off a centaur on level 9 of the Dungeon)
  4465 | D:9      | Reached skill level 5 in Conjurations
  4465 | D:9      | Reached skill level 5 in Hexes
  4465 | D:9      | Reached skill level 5 in Charms
  4465 | D:9      | Reached skill level 5 in Summonings
  4465 | D:9      | Reached skill level 5 in Necromancy
  4465 | D:9      | Reached skill level 5 in Translocations
  4465 | D:9      | Reached skill level 5 in Fire Magic
  4465 | D:9      | Reached skill level 5 in Ice Magic
  4465 | D:9      | Reached skill level 5 in Air Magic
  4465 | D:9      | Reached skill level 5 in Poison Magic
  4654 | D:9      | HP: 5/81 [efreet/bolt of fire (15)]
  4655 | D:9      | Identified the ring of the Ban {rF+ Str+2 Dex+3} (You took it off an efreet on level 9 of the Dungeon)
  4667 | D:9      | HP: 5/81 [gnoll/halberd (3)]
  4749 | D:9      | Got the uncursed chain mail of the Lair of Beasts {Dex+2 Slay+3}
  4769 | D:9      | Identified the +8 chain mail of the Lair of Beasts {Dex+2 Slay+3} (You found it on level 9 of the Dungeon)
  4798 | D:9      | Reached skill level 8 in Spellcasting
  4848 | D:9      | Killed a red ugly thing
  4866 | D:9      | HP: 3/81 [centaur (7)]
  4991 | D:10     | Found a portal to a secret trove of treasure.
  5030 | D:9      | HP: 8/82 [yak (10)]
  5031 | D:9      | Reached skill level 7 in Invocations
  5133 | D:10     | Reached skill level 8 in Dodging
  5203 | D:11     | Reached skill level 7 in Staves
  5210 | D:11     | Learned a level 3 spell: Regeneration
  5231 | D:11     | Learned a level 4 spell: Animate Dead
  5293 | D:11     | Found a staircase to the Orcish Mines.
  5323 | D:11     | Learned a level 1 spell: Animate Skeleton
  5353 | Orc:1    | Entered Level 1 of the Orcish Mines
  5377 | Orc:2    | Entered Level 2 of the Orcish Mines
  5381 | Orc:2    | Noticed a stone giant
  5390 | Orc:2    | Hit by a large rock thrown by a stone giant

Vault maps used:
D:1:      minmay_arrival_hallway
D:2:      nicolae_ru_great_annihilating_truth
D:3:      lemuel_doored_altar, first_bread, uniq_terence,
          uniq_crazy_yiuf_cottage
D:4:      lexackson_kobold_supper
D:5:      minmay_temple_entry_glassed_door
D:6:      kiku_gazebo_pond_becter, nicolae_overflow_crystal_walls,
          nemelex_diamond_rough_becter, uniq_eustachio
D:7:      lemuel_slime, overflow_temple_1_default, serial_shops,
          nicolae_shop_crystal, basic_altar
D:8:      xom_butterflies, david_lair_shrubbed
D:9:      minmay_the_grid_octo_tiled_squarecenter,
          hangedman_little_slice_of_home, uniq_erica
D:10:     enter_trove_2
D:11:     erik_orc_3, serial_shops, shop, kennysheep_mini, shop, shop
Temple:   lightli_temple_of_artemis
Orc:1:    nicolae_orc_accident_2, serial_shops, nicolae_shop_stone, shop
Orc:2:    st_orc_mages

Skill      XL: |  1  2  3  4  5  6  7  8  9 10 11 |
---------------+----------------------------------+-----
Transmutations | 2 3 4 5 |  5.9
Spellcasting   | 5 6 7 8 |  8.4
Invocations    | 1 2 3 4 5 6 7 |  7.2
Fighting       | 1 2 3 4 5 6 |  6.6
Short Blades   | 1 2 3 4 5 6 |  6.6
Long Blades    | 1 2 3 4 5 6 |  6.6
Axes           | 1 2 3 4 5 6 |  6.6
Maces & Flails | 1 2 3 4 5 6 |  6.6
Polearms       | 1 2 3 4 5 6 |  6.6
Staves         | 1 2 3 4 5 7 |  7.1
Slings         | 1 2 3 4 5 6 |  6.6
Bows           | 1 2 3 4 5 6 |  6.6
Crossbows      | 1 2 3 4 5 6 |  6.6
Throwing       | 1 2 3 4 5 6 |  6.6
Armour         | 1 2 3 4 5 6 |  6.6
Shields        | 1 2 3 4 5 6 |  6.6
Unarmed Combat | 1 2 3 4 5 6 |  6.6
Evocations     | 1 2 3 4 5 6 |  6.6
Conjurations   | 1 2 3 4 5 |  5.4
Hexes          | 1 2 3 4 5 |  5.4
Charms         | 1 2 3 4 5 |  5.4
Summonings     | 1 2 3 4 5 |  5.4
Necromancy     | 1 2 3 4 5 |  5.4
Translocations | 1 2 3 4 5 |  5.4
Fire Magic     | 1 2 3 4 5 |  5.4
Ice Magic      | 1 2 3 4 5 |  5.4
Air Magic      | 1 2 3 4 5 |  5.4
Poison Magic   | 1 2 3 4 5 |  5.4
Dodging        | 5 6 7 8 |  8.1
Stealth        | 5 6 7 |  7.9
Earth Magic    | 6 7 |  7.8

Action                   |  1- 3 |  4- 6 |  7- 9 | 10-12 || total
-------------------------+-------+-------+-------+-------++-------
Melee: Dagger            |     8 |       |       |     2 ||    10
       Bite              |     2 |     5 |    22 |    30 ||    59
       Short sword       |       |    70 |    55 |       ||   125
       Punch             |       |     1 |     3 |     6 ||    10
       Falchion          |       |       |   121 |   135 ||   256
       Rapier            |       |       |       |   103 ||   103
       Halberd           |       |       |       |     7 ||     7
       Scimitar          |       |       |       |     1 ||     1
 Fire: Hunting sling     |       |       |       |     1 ||     1
Throw: Stone             |       |       |     1 |     1 ||     2
 Cast: Sandblast         |    21 |    42 |    98 |    54 ||   215
       Stone Arrow       |     3 |     4 |    12 |    23 ||    42
       Lee's Rapid Decon |       |       |       |     9 ||     9
       Animate Dead      |       |       |       |     1 ||     1
       Animate Skeleton  |       |       |       |     1 ||     1
Invok: Curse Item        |       |       |       |     3 ||     3
Evoke: Wand              |       |       |     3 |    20 ||    23
       Lightning rod     |       |       |       |     2 ||     2
  Use: Potion            |     1 |       |     5 |     4 ||    10
       Scroll            |       |       |     6 |     7 ||    13
 Stab: Sleeping          |     1 |     5 |     3 |     4 ||    13
  Eat: Chunk             |       |     2 |     4 |     4 ||    10
       Royal jelly       |       |       |     1 |     1 ||     2
       Fruit             |       |       |     5 |       ||     5
       Bread ration      |       |       |       |     2 ||     2
Armor: Robe              |     3 |     1 |       |       ||     4
       Leather armour    |       |    18 |     9 |       ||    27
       Animal skin       |       |       |    53 |    43 ||    96
       Skin              |       |       |       |    38 ||    38
       Troll leather arm |       |       |       |     4 ||     4
Dodge: Dodged            |    16 |    37 |   174 |   187 ||   414
       Rpst.: Falchion   |       |       |    32 |    31 ||    63

Table legend:
 A = Spawn XP
 B = Non-spawn XP
 C = Spawn XP percentage of total XP
 D = Spawn monster count
 E = Non-spawn monster count
 F = Spawn count percentage of total count
 G = Total turns spent on level
                    A         B        C        D         E        F      G
               +---------+---------+-------+---------+---------+-------+---------
         Total |       0 |   17428 |   0.0 |       0 |     253 |   0.0 |  5390
               +---------+---------+-------+---------+---------+-------+---------
           D:1 |       0 |      12 |   0.0 |       0 |       7 |   0.0 |   255
           D:2 |       0 |     131 |   0.0 |       0 |      16 |   0.0 |   387
           D:3 |       0 |     190 |   0.0 |       0 |      19 |   0.0 |   573
           D:4 |       0 |     446 |   0.0 |       0 |      20 |   0.0 |   387
           D:5 |       0 |     468 |   0.0 |       0 |      12 |   0.0 |   579
           D:6 |       0 |     645 |   0.0 |       0 |      20 |   0.0 |   329
           D:7 |       0 |    1986 |   0.0 |       0 |      43 |   0.0 |   500
           D:8 |       0 |    1082 |   0.0 |       0 |      15 |   0.0 |   267
           D:9 |       0 |    8288 |   0.0 |       0 |      63 |   0.0 |  1512
          D:10 |       0 |    2220 |   0.0 |       0 |      15 |   0.0 |   356
          D:11 |       0 |    1842 |   0.0 |       0 |      22 |   0.0 |   168
         Orc:2 |       0 |     118 |   0.0 |       0 |       1 |   0.0 |    13
               +---------+---------+-------+---------+---------+-------+---------

Table legend:
 A = Turns spent in this place as a percentage of turns spent in the entire game.
 B = Non-inter-level travel turns spent in this place as a percentage of non-inter-level travel turns spent in the entire game.
 C = Inter-level travel turns spent in this place as a percentage of turns spent in this place.
 D = Turns resting spent in this place as a percentage of non-inter-level travel turns spent in this place.
 E = Turns spent auto-exploring this place as a percentage of non-inter-level travel turns spent in this place.
 F = Non-inter-level travel turns spent in this place divided by the number of levels of this place that you've seen.
                   A       B       C       D       E      F
               +-------+-------+-------+-------+-------+----------------------
         Total | 100.0 | 100.0 |   2.1 |   0.3 |   0.0 | 376.9
       Dungeon |  98.6 |  98.5 |   2.1 |   0.3 |   0.0 | 472.7
        Temple |   0.7 |   0.8 |   0.0 |   0.0 |   0.0 |  40.0
  Orcish Mines |   0.7 |   0.7 |   0.0 |   0.0 |   0.0 |  18.5
               +-------+-------+-------+-------+-------+----------------------

Table legend:
 A = Kills in this place as a percentage of kills in entire the game.
 B = Kills by you in this place as a percentage of kills by you in the entire game.
 C = Kills by friends in this place as a percentage of kills by friends in the entire game.
 D = Other kills in this place as a percentage of other kills in the entire game.
 E = Experience gained in this place as a percentage of experience gained in the entire game.
 F = Experience gained in this place divided by the number of levels of this place that you have seen.
                   A       B       C       D       E      F
               +-------+-------+-------+-------+-------+----------------------
         Total | 100.0 | 100.0 | 100.0 |   N/A | 100.0 | 1244.9
       Dungeon |  99.6 |  99.6 | 100.0 |   N/A |  99.3 | 1573.6
  Orcish Mines |   0.4 |   0.4 |   0.0 |   N/A |   0.7 |  59.0
               +-------+-------+-------+-------+-------+----------------------

Vault maps used:
D:1:      minmay_arrival_hallway
D:2:      nicolae_ru_great_annihilating_truth
D:3:      lemuel_doored_altar, first_bread, uniq_terence,
          uniq_crazy_yiuf_cottage
D:4:      lexackson_kobold_supper
D:5:      minmay_temple_entry_glassed_door
D:6:      kiku_gazebo_pond_becter, nicolae_overflow_crystal_walls,
          nemelex_diamond_rough_becter, uniq_eustachio
D:7:      lemuel_slime, overflow_temple_1_default, serial_shops,
          nicolae_shop_crystal, basic_altar
D:8:      xom_butterflies, david_lair_shrubbed
D:9:      minmay_the_grid_octo_tiled_squarecenter,
          hangedman_little_slice_of_home, uniq_erica
D:10:     enter_trove_2
D:11:     erik_orc_3, serial_shops, shop, kennysheep_mini, shop, shop
Temple:   lightli_temple_of_artemis
Orc:1:    nicolae_orc_accident_2, serial_shops, nicolae_shop_stone, shop
Orc:2:    st_orc_mages
